TOP OF THE 1ST |
Chester Pirates batting - Pitching for Columbus Reds : RHP Amador Sadaba
|
Pitching: RHP Amador Sadaba
|
|
Batting: LHB Chad Cutler
|
0-0: Called Strike 0-1: Ball 1-1: Called Strike 1-2: Ball 2-2: Strikes out swinging
|
Batting: RHB Ricky Alvarado
|
0-0: Ball 1-0: SOLO HOME RUN (Flyball, 78XD, EV 101.9 MPH), Distance : 424 ft
|
Batting: RHB Rusty Trader
|
0-0: Ball 1-0: Called Strike 1-1: Fly out, F4 (Popup, 4M, EV 54.4 MPH)
|
Batting: RHB Hector Barajas
|
0-0: Ball 1-0: Swinging Strike 1-1: Swinging Strike 1-2: Ball 2-2: Ball 3-2: Base on Balls
|
Batting: RHB Jon Solis
|
0-0: Ball 1-0: Called Strike 1-1: Ball 2-1: Ball 3-1: Swinging Strike 3-2: SINGLE (Line Drive, 34D, EV 99.4 MPH) Hector Barajas to second Hector Barajas to third
|
Batting: LHB Kazuyoshi Ikeda
|
0-0: Ball 1-0: Ball Wild Pitch! Hector Barajas scores Jon Solis to second 2-0: Called Strike 2-1: Foul Ball, location: 2F 2-2: Ball 3-2: Foul Ball, location: 2F 3-2: Base on Balls
|
Batting: RHB Rafael Galicia
|
0-0: Called Strike 0-1: Ball 1-1: Ball 2-1: Ball 3-1: Foul Ball, location: 2F 3-2: Base on Balls Jon Solis to third Kazuyoshi Ikeda to second
|
Batting: LHB Damien Cohen
|
0-0: Ball 1-0: Ball 2-0: Ball 3-0: Base on Balls Jon Solis scores Kazuyoshi Ikeda to third Rafael Galicia to second
|
Batting: RHB Dan Kurtz
|
0-0: Swinging Strike 0-1: Foul Ball, location: 2F 0-2: Ball 1-2: Strikes out swinging
|
Top of the 1st over - 3 runs, 2 hits, 0 errors, 3 left on base; Chester 3 - Columbus 0 |
BOTTOM OF THE 1ST |
Columbus Reds batting - Pitching for Chester Pirates : RHP Sung-jae Choo
|
Pitching: RHP Sung-jae Choo
|
|
Batting: RHB Alex de Leon
|
0-0: Swinging Strike 0-1: Ball 1-1: Ball 2-1: Fly out, F7 (Flyball, 7, EV 80.0 MPH)
|
Batting: RHB Ben Burkholder
|
0-0: Foul Ball, location: 2F 0-1: Swinging Strike 0-2: Ball 1-2: Ground out 1-3 (Groundball, 13, EV 67.5 MPH)
|
Batting: LHB Matthew Berry
|
0-0: Ball 1-0: Foul Ball, location: 2F 1-1: Ball 2-1: SINGLE (Groundball, 56D, EV 95.0 MPH)
|
Batting: LHB Jamie Spangenberg
|
0-0: Ball 1-0: Ball 2-0: Fly out, F7 (Flyball, 78M, EV 90.0 MPH)
|
Bottom of the 1st over - 0 runs, 1 hit, 0 errors, 1 left on base; Chester 3 - Columbus 0 |
TOP OF THE 2ND |
Chester Pirates batting - Pitching for Columbus Reds : RHP Amador Sadaba
|
Batting: LHB Chad Cutler
|
0-0: Foul Ball, location: 2F 0-1: Ball 1-1: Ball 2-1: Called Strike 2-2: Foul Ball, location: 2F 2-2: Ground out 4-3 (Groundball, 4, EV 100.6 MPH)
|
Batting: RHB Ricky Alvarado
|
0-0: SINGLE (Groundball, P, EV 81.2 MPH) (infield hit)
|
Batting: RHB Rusty Trader
|
0-0: Fly out, F8 (Flyball, 8RXD, EV 102.5 MPH)
|
Batting: RHB Hector Barajas
|
0-0: Swinging Strike 0-1: Swinging Strike 0-2: Ball Ricky Alvarado steals 2nd base 1-2: Foul Ball, location: 2F 1-2: Foul Ball, location: 2F 1-2: Ground out 3-1 (Groundball, 34, EV 85.6 MPH)
|
Top of the 2nd over - 0 runs, 1 hit, 0 errors, 1 left on base; Chester 3 - Columbus 0 |
BOTTOM OF THE 2ND |
Columbus Reds batting - Pitching for Chester Pirates : RHP Sung-jae Choo
|
Batting: RHB Alex Villagomez
|
0-0: Ball 1-0: Ball 2-0: Ball 3-0: Base on Balls
|
Batting: SHB Cesar Pelayo
|
0-0: Called Strike 0-1: Ball 1-1: Ball 2-1: Fly out, F8 (Flyball, 8RD, EV 101.9 MPH)
|
Batting: RHB Ernie Maldonado
|
0-0: Ball 1-0: Foul Ball, location: 2F 1-1: Foul Ball, location: 2F 1-2: Foul Ball, location: 2F 1-2: Ground out 3-1 (Groundball, 3S, EV 71.2 MPH) Alex Villagomez to second
|
Batting: LHB Jose Cruz
|
0-0: Ground out 6-3 (Groundball, 6, EV 85.6 MPH)
|
Bottom of the 2nd over - 0 runs, 0 hits, 0 errors, 1 left on base; Chester 3 - Columbus 0 |
TOP OF THE 3RD |
Chester Pirates batting - Pitching for Columbus Reds : RHP Amador Sadaba
|
Batting: RHB Jon Solis
|
0-0: Ball 1-0: Ball 2-0: Ball 3-0: Called Strike 3-1: Base on Balls
|
Batting: LHB Kazuyoshi Ikeda
|
0-0: Ball 1-0: Ball 2-0: Called Strike 2-1: Foul Ball, location: 2F 2-2: Strikes out swinging
|
Batting: RHB Rafael Galicia
|
0-0: SINGLE (Groundball, 34D, EV 101.2 MPH) Jon Solis to second Runner from 2nd tries for 3rd, SAFE, throw by RF made to third
|
Batting: LHB Damien Cohen
|
0-0: Called Strike 0-1: Ball 1-1: Foul Ball, location: 2F 1-2: Fielders Choice at 2nd, 4-6 (Groundball, 34, EV 101.2 MPH) Jon Solis scores
|
Batting: RHB Dan Kurtz
|
0-0: Ball 1-0: Ball 2-0: Foul Ball, location: 2F 2-1: Foul Ball, location: 2F 2-2: Strikes out looking
|
Top of the 3rd over - 1 run, 1 hit, 0 errors, 1 left on base; Chester 4 - Columbus 0 |
BOTTOM OF THE 3RD |
Columbus Reds batting - Pitching for Chester Pirates : RHP Sung-jae Choo
|
Batting: LHB Mike Becerra
|
0-0: Swinging Strike 0-1: Ball 1-1: Fly out, F6 (Popup, P, EV 76.2 MPH)
|
Batting: RHB Alex de Leon
|
0-0: Ball 1-0: Swinging Strike 1-1: Ball 2-1: Ground out 6-3 (Groundball, 6MD, EV 104.4 MPH)
|
Batting: RHB Ben Burkholder
|
0-0: Ball 1-0: Called Strike 1-1: Foul Ball, location: 2F 1-2: Ball 2-2: Foul Ball, location: 2F 2-2: Ball 3-2: Base on Balls
|
Batting: LHB Matthew Berry
|
0-0: Called Strike Ben Burkholder is caught stealing 2nd base 2-6
|
Bottom of the 3rd over - 0 runs, 0 hits, 0 errors, 0 left on base; Chester 4 - Columbus 0 |
TOP OF THE 4TH |
Chester Pirates batting - Pitching for Columbus Reds : RHP Amador Sadaba
|
Batting: LHB Chad Cutler
|
0-0: Ball 1-0: Ball 2-0: Fly out, F3 (Line Drive, 34, EV 65.6 MPH)
|
Batting: RHB Ricky Alvarado
|
0-0: Fly out, F8 (Flyball, 8RD, EV 100.6 MPH)
|
Batting: RHB Rusty Trader
|
0-0: Ball 1-0: Ball 2-0: Ball 3-0: Base on Balls
|
Batting: RHB Hector Barajas
|
0-0: 2-RUN HOME RUN (Flyball, 7D, EV 105.0 MPH), Distance : 395 ft
|
Batting: RHB Jon Solis
|
0-0: Called Strike 0-1: Foul Ball, location: 2F 0-2: Strikes out swinging
|
Top of the 4th over - 2 runs, 1 hit, 0 errors, 0 left on base; Chester 6 - Columbus 0 |
BOTTOM OF THE 4TH |
Columbus Reds batting - Pitching for Chester Pirates : RHP Sung-jae Choo
|
Batting: LHB Matthew Berry
|
0-0: Foul Ball, location: 2F 0-1: Foul Ball, location: 2F 0-2: Ball 1-2: Ball 2-2: Ball 3-2: Ground out 6-3 (Groundball, 6MS, EV 80.0 MPH)
|
Batting: LHB Jamie Spangenberg
|
0-0: Foul Ball, location: 2F 0-1: Ball 1-1: Ground out 4-3 (Groundball, 4, EV 82.5 MPH)
|
Batting: RHB Alex Villagomez
|
0-0: Ball 1-0: Ball 2-0: Ball 3-0: Swinging Strike 3-1: Base on Balls
|
Batting: SHB Cesar Pelayo
|
0-0: Foul Ball, location: 2F 0-1: Ball 1-1: Foul Ball, location: 2F 1-2: Fly out, F4 (Popup, 4, EV 81.9 MPH)
|
Bottom of the 4th over - 0 runs, 0 hits, 0 errors, 1 left on base; Chester 6 - Columbus 0 |
TOP OF THE 5TH |
Chester Pirates batting - Pitching for Columbus Reds : RHP Amador Sadaba
|
Batting: LHB Kazuyoshi Ikeda
|
0-0: Called Strike 0-1: Swinging Strike 0-2: Ball 1-2: Ball 2-2: Strikes out looking
|
Batting: RHB Rafael Galicia
|
0-0: Swinging Strike 0-1: Foul Ball, location: 2F 0-2: Ball 1-2: Foul Ball, location: 2F 1-2: Foul Ball, location: 2F 1-2: Strikes out swinging
|
Batting: LHB Damien Cohen
|
0-0: Ball 1-0: Called Strike 1-1: Ball 2-1: Foul Ball, location: 2F 2-2: Ball 3-2: Base on Balls
|
Batting: RHB Dan Kurtz
|
0-0: Ball 1-0: Swinging Strike 1-1: Foul Ball, location: 2F 1-2: 2-RUN HOME RUN (Flyball, 78XD, EV 109.4 MPH), Distance : 425 ft
|
Pitching: RHP Brian Trejo
|
|
Batting: LHB Chad Cutler
|
0-0: Ball 1-0: Called Strike 1-1: Called Strike 1-2: Strikes out looking
|
Top of the 5th over - 2 runs, 1 hit, 0 errors, 0 left on base; Chester 8 - Columbus 0 |
BOTTOM OF THE 5TH |
Columbus Reds batting - Pitching for Chester Pirates : RHP Sung-jae Choo
|
Batting: RHB Ernie Maldonado
|
0-0: Ball 1-0: Ball 2-0: Swinging Strike 2-1: Fly out, F8 (Flyball, 89S, EV 97.5 MPH)
|
Batting: LHB Jose Cruz
|
0-0: Ball 1-0: Ball 2-0: Ground out 5-3 (Groundball, 5, EV 96.2 MPH)
|
Batting: LHB Mike Becerra
|
0-0: Called Strike 0-1: Ball 1-1: Ball 2-1: Fly out, F8 (Flyball, 8LM, EV 78.1 MPH)
|
Bottom of the 5th over - 0 runs, 0 hits, 0 errors, 0 left on base; Chester 8 - Columbus 0 |
TOP OF THE 6TH |
Chester Pirates batting - Pitching for Columbus Reds : RHP Brian Trejo
|
Batting: RHB Ricky Alvarado
|
0-0: Ball 1-0: Called Strike 1-1: Foul Ball, location: 2F 1-2: Foul Ball, location: 2F 1-2: Strikes out swinging
|
Batting: RHB Rusty Trader
|
0-0: Ground out 4-3 (Groundball, 4, EV 86.2 MPH)
|
Batting: RHB Hector Barajas
|
0-0: Foul Ball, location: 2F 0-1: Foul Ball, location: 2F 0-2: Strikes out looking
|
Top of the 6th over - 0 runs, 0 hits, 0 errors, 0 left on base; Chester 8 - Columbus 0 |
BOTTOM OF THE 6TH |
Columbus Reds batting - Pitching for Chester Pirates : RHP Sung-jae Choo
|
Batting: RHB Alex de Leon
|
0-0: Swinging Strike 0-1: Foul Ball, location: 2F 0-2: Foul Ball, location: 2F 0-2: SINGLE (Flyball, 8RS, EV 84.4 MPH)
|
Batting: RHB Ben Burkholder
|
0-0: Ball Alex de Leon steals 2nd base 1-0: Ball 2-0: Ball 3-0: Called Strike 3-1: Base on Balls
|
Batting: LHB Matthew Berry
|
0-0: Ball 1-0: Ball 2-0: Foul Ball, location: 2F 2-1: Called Strike 2-2: Foul Ball, location: 2F 2-2: Foul Ball, location: 2F 2-2: Foul Ball, location: 2F 2-2: Foul Ball, location: 2F 2-2: Foul Ball, location: 2F 2-2: Fly out, F5 (Popup, 56S, EV 82.5 MPH)
|
Batting: LHB Jamie Spangenberg
|
0-0: Called Strike 0-1: Fly out, F8 (Flyball, 78S, EV 89.4 MPH)
|
Batting: RHB Alex Villagomez
|
0-0: Ball 1-0: Called Strike 1-1: Ball 2-1: Foul Ball, location: 2F 2-2: Foul Ball, location: 2F 2-2: Strikes out swinging
|
Bottom of the 6th over - 0 runs, 1 hit, 0 errors, 2 left on base; Chester 8 - Columbus 0 |
TOP OF THE 7TH |
Chester Pirates batting - Pitching for Columbus Reds : RHP Brian Trejo
|
Batting: RHB Jon Solis
|
0-0: Foul Ball, location: 2F 0-1: Foul Ball, location: 2F 0-2: SINGLE (Groundball, 6D, EV 101.2 MPH)
|
Batting: LHB Kazuyoshi Ikeda
|
0-0: Called Strike 0-1: Called Strike 0-2: Ball 1-2: Ball Wild Pitch! Jon Solis to second 2-2: Strikes out looking
|
Batting: RHB Rafael Galicia
|
0-0: Called Strike 0-1: Fly out, F9 (Flyball, 89S, EV 76.2 MPH)
|
Batting: LHB Damien Cohen
|
0-0: Ball 1-0: Called Strike 1-1: Foul Ball, location: 2F 1-2: Strikes out swinging
|
Top of the 7th over - 0 runs, 1 hit, 0 errors, 1 left on base; Chester 8 - Columbus 0 |
BOTTOM OF THE 7TH |
Columbus Reds batting - Pitching for Chester Pirates : RHP Sung-jae Choo
|
Pitching: RHP Bill Gomez
|
|
Batting: SHB Cesar Pelayo
|
0-0: Called Strike 0-1: Ball 1-1: Reached on error, E5 (Groundball, 56, EV 85.6 MPH)
|
Batting: RHB Ernie Maldonado
|
0-0: Ball 1-0: SINGLE (Flyball, 56D, EV 91.2 MPH) Cesar Pelayo to second
|
Batting: LHB Jose Cruz
|
0-0: Ball 1-0: Called Strike 1-1: Ball 2-1: Foul Ball, location: 2F 2-2: Foul Ball, location: 2F 2-2: Foul Ball, location: 2F 2-2: Ball 3-2: Foul Ball, location: 2F 3-2: Base on Balls Cesar Pelayo to third Ernie Maldonado to second
|
Pinch Hitting: RHB Ch'ang-chieh Hsia
|
0-0: Fly out, F8 (Flyball, 8RXD, EV 86.2 MPH) Runner from 3rd tags up, SCORES, no throw by CF Ernie Maldonado to third
|
Batting: RHB Alex de Leon
|
0-0: Called Strike 0-1: Ball 1-1: Ball 2-1: Fly out, F9 (Flyball, 9LS, EV 82.5 MPH)
|
Batting: RHB Ben Burkholder
|
0-0: Swinging Strike 0-1: Ball 1-1: Fly out, F7 (Flyball, 7, EV 93.1 MPH)
|
Bottom of the 7th over - 1 run, 1 hit, 1 error, 2 left on base; Chester 8 - Columbus 1 |
TOP OF THE 8TH |
Chester Pirates batting - Pitching for Columbus Reds : RHP Brian Trejo
|
Now in LF: Ed Santibanez
|
|
Batting: RHB Dan Kurtz
|
0-0: Ball 1-0: Foul Ball, location: 2F 1-1: Foul Ball, location: 2F 1-2: Ball 2-2: Ground out 6-3 (Groundball, 6, EV 84.4 MPH)
|
Batting: LHB Chad Cutler
|
0-0: Ball 1-0: Ball 2-0: SINGLE (Groundball, 4MS, EV 66.2 MPH) (infield hit)
|
Batting: RHB Ricky Alvarado
|
0-0: Called Strike 0-1: Ball 1-1: Called Strike Chad Cutler is caught stealing 2nd base 2-4 1-2: Strikes out swinging
|
Top of the 8th over - 0 runs, 1 hit, 0 errors, 0 left on base; Chester 8 - Columbus 1 |
BOTTOM OF THE 8TH |
Columbus Reds batting - Pitching for Chester Pirates : RHP Bill Gomez
|
Batting: LHB Matthew Berry
|
0-0: Ground out U3 (Groundball, 3L, EV 92.5 MPH)
|
Batting: LHB Jamie Spangenberg
|
0-0: Ball 1-0: Fly out, F8 (Line Drive, 78M, EV 105.6 MPH)
|
Batting: RHB Alex Villagomez
|
0-0: Called Strike 0-1: Foul Ball, location: 2F 0-2: Ball 1-2: Ground out 5-3 (Groundball, 56S, EV 83.8 MPH)
|
Bottom of the 8th over - 0 runs, 0 hits, 0 errors, 0 left on base; Chester 8 - Columbus 1 |
TOP OF THE 9TH |
Chester Pirates batting - Pitching for Columbus Reds : RHP Brian Trejo
|
Batting: RHB Rusty Trader
|
0-0: Called Strike 0-1: SINGLE (Flyball, 3D, EV 90.6 MPH)
|
Batting: RHB Hector Barajas
|
0-0: Called Strike 0-1: Ball 1-1: Called Strike 1-2: Strikes out swinging
|
Batting: RHB Jon Solis
|
0-0: Called Strike 0-1: Ball 1-1: Fly out, F8 (Flyball, 8RD, EV 101.9 MPH)
|
Batting: LHB Kazuyoshi Ikeda
|
0-0: Ball 1-0: Called Strike 1-1: Fielders Choice at 2nd, 6-4 (Groundball, 6, EV 106.9 MPH)
|
Top of the 9th over - 0 runs, 1 hit, 0 errors, 1 left on base; Chester 8 - Columbus 1 |
BOTTOM OF THE 9TH |
Columbus Reds batting - Pitching for Chester Pirates : RHP Bill Gomez
|
Pitching: LHP Angel Juarez
|
|
Batting: SHB Cesar Pelayo
|
0-0: Ball 1-0: Ball 2-0: Ball 3-0: Called Strike 3-1: Base on Balls
|
Batting: RHB Ernie Maldonado
|
0-0: Ball 1-0: Ball 2-0: SINGLE (Flyball, 6D, EV 88.8 MPH) Cesar Pelayo to second
|
Pinch Hitting: RHB Aaron Barraza
|
0-0: Foul Ball, location: 2F 0-1: Ball 1-1: Foul Ball, location: 2F 1-2: Ball 2-2: Foul Ball, location: 2F 2-2: Foul Ball, location: 2F 2-2: Foul Ball, location: 2F 2-2: Ball 3-2: Foul Ball, location: 2F 3-2: Foul Ball, location: 2F 3-2: Grounds into double play, 6-4-3 (Groundball, 6, EV 81.2 MPH) Cesar Pelayo to third
|
Batting: RHB Ed Santibanez
|
0-0: Called Strike 0-1: Ball 1-1: Called Strike 1-2: SINGLE (Line Drive, 78S, EV 100.0 MPH) Cesar Pelayo scores
|
Batting: RHB Alex de Leon
|
0-0: Called Strike 0-1: Foul Ball, location: 2F 0-2: Strikes out swinging
|
Bottom of the 9th over - 1 run, 2 hits, 0 errors, 1 left on base; Chester 8 - Columbus 2 |
|